Map: Abyssal Reef LE

Players

SortOf

  • Race: Zerg Zerg
  • Spawn Location: 11:00

Snute - Winner!

  • Race: Zerg Zerg
  • Spawn Location: 5:00

Event: WCS Austin 2017

VOD

Have the link to the VOD?

Description

Time

  • Played on: April 28, 2017, 8:27 p.m.
  • Length: 11:22

All games in this series

Show
View Real Time Build Order
Export as new Build Order

SortOf Zerg 

Build Orders: Hatch First 

Get SALT Encoding   

  12  0:00  Drone  
  13  0:14  Extractor  
  13  0:16  Overlord  
  13  0:19  Drone  
  14  0:34  Drone x2  
  16  0:38  Drone  
  17  0:54  Hatchery  
  17  0:56  Drone  
  17  1:00  Drone  
  18  1:10  Extractor  
  17  1:15  Spawning Pool  
  16  1:18  Drone  
  16  1:22  Drone  
  18  1:33  Drone  
  19  1:48  Evolution Chamber  
  19  1:51  Drone  
  19  2:02  Queen  
  19  2:03  Zergling x2  
  19  2:05  Queen  
  19  2:06  Zergling x4  
  26  2:13  Zerg Missile Weapons Level 1  
  27  2:15  Drone  
  27  2:19  Drone  
  28  2:31  Roach Warren  
  28  2:33  Drone  
  28  2:38  Overlord  
  28  2:44  Overlord  
  28  2:58  Drone  
  29  2:59  Drone  
  30  3:14  Roach  
  30  3:15  Roach x4  
  30  3:16  Roach  
  42  3:21  Roach  
  42  3:25  Overlord  
  44  3:37  Overlord  
  43  3:45  Roach  
  43  3:46  Roach x2  
  48  3:52  Roach  
  48  3:53  Drone x2  
  51  4:00  Drone x2  
  53  4:06  Roach  
  53  4:09  Drone  
  56  4:10  Overlord  
  56  4:11  Drone  
  57  4:23  Roach  
  57  4:24  Drone  
  60  4:30  Drone x3  
  55  4:33  Drone x2  
  55  4:35  Drone x2  
  57  4:39  Drone  
  57  4:42  Extractor  
  57  4:54  Lair  
  57  4:56  Extractor  
  57  4:57  Drone  
  57  4:59  Drone x2  
  59  5:02  Drone  
  59  5:04  Drone x2  
  62  5:07  Overlord  
  62  5:08  Hatchery  
  62  5:10  Drone  
  66  5:14  Roach x2  
  66  5:27  Roach x2  
  66  5:28  Roach, Overlord  
  72  5:34  Queen  
  74  5:36  Roach  
  74  5:38  Overlord  
  74  5:39  Overlord  
  76  5:52  Overlord, Glial Reconstitution  
  76  5:57  Drone  
  76  5:58  Drone x4  
  76  6:00  Drone x3  
  76  6:03  Overseer  
  84  6:05  Roach x2  
  88  6:11  Zerg Missile Weapons Level 2  
  88  6:17  Roach  
  90  6:20  Drone x2  
  90  6:22  Drone x2  
  90  6:25  Roach  
  96  6:28  Overlord  
  96  6:30  Drone  
  96  6:31  Drone x3  
  100  6:33  Drone x2  
  100  6:36  Extractor  
  100  6:37  Overlord  
  100  6:39  Overlord  
  101  6:45  Roach x2  
  101  6:46  Roach  
  107  6:55  Roach x2  
  107  6:56  Roach x4  
  119  7:03  Extractor  
  119  7:04  Roach x5  
  128  7:09  Overlord  
  128  7:14  Roach  
  130  7:16  Overlord  
  130  7:20  Extractor  
  129  7:23  Overlord  
  129  7:25  Overlord x2  
  129  7:29  Roach x4  
  137  7:38  Overlord  
  137  7:43  Roach x8  
  153  7:50  Roach  
  155  7:54  Roach x2  
  155  7:57  Roach  
  155  7:58  Roach x4  
  169  7:59  Overlord  
  169  8:04  Overlord  
  169  8:06  Ravager  
  169  8:10  Overlord  
  170  8:16  Overlord  
  170  8:19  Roach  
  178  8:20  Roach x3  
  178  8:23  Roach x2  
  182  8:29  Roach x6  
  190  8:35  Roach  
  182  8:42  Roach  
  182  8:44  Roach  
  182  8:47  Roach  
  182  8:48  Roach x2  
  143  8:54  Roach  
  143  8:55  Roach x5  
  133  9:03  Roach  
  133  9:09  Roach x2  
  135  9:17  Roach x3  
  135  9:18  Ravager  
  135  9:19  Ravager  
  145  9:24  Roach x10  
  145  9:31  Roach x2  
  167  9:43  Roach x3  
  163  9:49  Hydralisk Den  
  163  9:53  Ravager x4  
  163  9:56  Roach x2  
  170  10:02  Overseer  
  170  10:07  Roach x5  
  176  10:15  Overlord  
  176  10:17  Overlord  
  176  10:19  Overseer  
  176  10:25  Roach x5  
  176  10:26  Hatchery  
  176  10:27  Overlord  
  185  10:40  Roach  
  170  10:43  Roach x5  
  170  10:44  Roach  
  160  10:50  Roach x2  
  144  10:57  Roach x2  
  144  11:02  Roach x2  
Show
View Real Time Build Order
Export as new Build Order

Snute Zerg - Winner!

Build Orders: Pool First 

Get SALT Encoding   

  12  0:00  Drone  
  13  0:12  Overlord  
  13  0:17  Drone  
  14  0:30  Drone x2  
  14  0:34  Drone  
  17  0:44  Spawning Pool  
  17  0:48  Drone  
  17  1:09  Hatchery  
  17  1:11  Drone  
  17  1:14  Drone  
  17  1:16  Extractor  
  17  1:19  Drone  
  18  1:30  Queen  
  20  1:33  Zergling x2  
  20  1:39  Overlord  
  21  1:49  Drone  
  22  2:00  Drone  
  23  2:06  Queen  
  25  2:10  Drone  
  26  2:16  Metabolic Boost  
  26  2:21  Drone  
  26  2:22  Drone  
  28  2:32  Drone x2  
  28  2:33  Queen  
  32  2:37  Overlord  
  32  2:39  Drone  
  32  2:40  Drone  
  34  2:47  Drone x2  
  36  2:55  Baneling Nest  
  35  2:59  Drone x2  
  37  3:07  Drone x2  
  37  3:11  Overlord  
  39  3:13  Drone x2  
  39  3:19  Zergling x8  
  44  3:22  Roach Warren  
  44  3:24  Zergling x2  
  44  3:30  Zergling x2  
  44  3:34  Zergling x2  
  46  3:41  Overlord  
  46  3:46  Zergling x4  
  46  3:47  Zergling x4  
  48  3:55  Overlord  
  48  4:02  Roach  
  50  4:07  Roach x3  
  50  4:09  Roach  
  58  4:10  Roach, Extractor  
  58  4:11  Overlord  
  59  4:18  Drone  
  59  4:23  Drone  
  58  4:28  Drone  
  53  4:31  Drone  
  53  4:33  Evolution Chamber  
  53  4:34  Extractor  
  53  4:35  Drone  
  53  4:37  Drone x2  
  53  4:38  Drone x3  
  57  4:41  Drone  
  57  4:42  Hatchery  
  57  4:44  Lair  
  58  4:47  Drone  
  55  4:53  Roach  
  55  4:55  Roach  
  59  5:04  Roach  
  59  5:06  Roach x2  
  59  5:07  Roach  
  67  5:16  Overlord  
  65  5:22  Roach x2  
  65  5:23  Zerg Missile Weapons Level 1  
  65  5:27  Drone x2  
  69  5:29  Drone  
  69  5:30  Drone  
  71  5:36  Drone x3  
  71  5:39  Drone  
  71  5:42  Drone  
  76  5:43  Glial Reconstitution  
  76  5:50  Drone  
  76  5:53  Drone  
  76  5:55  Drone  
  76  5:56  Overseer  
  79  6:01  Drone  
  80  6:04  Extractor  
  80  6:06  Roach x4  
  87  6:11  Overlord  
  87  6:15  Drone  
  87  6:16  Drone x2  
  90  6:19  Overlord  
  90  6:23  Overlord  
  90  6:26  Overlord x2  
  90  6:31  Drone  
  90  6:32  Drone x5, Extractor  
  96  6:33  Drone  
  96  6:34  Drone  
  96  6:35  Extractor  
  96  6:38  Infestation Pit  
  95  6:40  Drone  
  95  6:44  Roach x2  
  100  6:52  Roach x2  
  100  6:53  Roach x2  
  108  6:55  Roach x3  
  108  6:58  Roach  
  116  7:03  Roach, Overlord  
  116  7:04  Overlord x2  
  116  7:05  Roach  
  120  7:09  Roach  
  120  7:14  Roach x4  
  130  7:16  Overlord  
  130  7:17  Zerg Missile Weapons Level 2  
  130  7:21  Overlord  
  130  7:24  Overseer  
  130  7:26  Infestor x2  
  134  7:32  Roach x5  
  134  7:35  Unknown x2  
  144  7:40  Roach  
  144  7:41  Roach x3  
  152  7:44  Roach x3  
  152  7:45  Overlord  
  152  7:50  Overlord  
  158  7:53  Roach  
  158  7:54  Ravager x2  
  162  7:59  Roach  
  162  8:00  Roach x2  
  162  8:03  Roach  
  162  8:04  Roach x2  
  174  8:06  Overlord  
  174  8:07  Overlord  
  174  8:11  Roach x2  
  178  8:21  Overlord  
  178  8:25  Roach x4  
  178  8:26  Roach x2  
  191  8:27  Ravager x2  
  191  8:28  Overlord  
  182  8:44  Roach x9  
  177  8:53  Roach x2  
  166  8:55  Drone  
  166  8:58  Roach x3  
  169  9:04  Drone x2  
  169  9:07  Roach  
  173  9:18  Roach x3  
  179  9:30  Roach x2  
  179  9:31  Roach  
  177  9:42  Roach x8  
  191  9:50  Ravager x4  
  191  9:51  Ravager  
  196  9:58  Roach x2  
  198  10:32  Overlord  
  181  10:44  Roach  
  181  10:45  Roach x10  
  186  10:53  Roach x6  
  171  11:01  Roach x2  
Tags
 
Add a new tag
Caveats
  • Supply blocks, unpowered buildings, or Contaminate may cause inaccurate times.
  • Supply counts are checked every 10 seconds.